 Dungeon Crawl Stone Soup version 0.31-a0-986-g5e6e4ef867 (webtiles) character file.

Game seed: 9357672827208230150

41 FakeRyeBread the Trooper (level 3, -6/24 HPs)
             Began as a Gargoyle Fighter on Nov 8, 2023.
             Killed by divine providence
             ... invoked by an orc priest
              (10 damage)
             ... on level 3 of the Dungeon.
             The game lasted 00:03:21 (1834 turns).

FakeRyeBread the Trooper (Gargoyle Fighter)         Turns: 1834, Time: 00:03:22

Health: -6/24      AC: 14    Str: 21    XL:     3   Next: 52%
Magic:  3/3        EV:  5    Int:  8    God:
Gold:   74         SH:  4    Dex:  9    Spells: 2/2 levels left

rFire   . . .        a - +0 flail
rCold   . . .        c - +0 buckler
rNeg    + . .        h - +0 plate armour
rPois   ∞            (no helmet)
rElec   +            (no cloak)
rCorr   .            (no gloves)
SInv    .            (no boots)
Will    .....        (no amulet) Stlth
                     (no ring)
HPRegen 0.24/turn    (no ring)
MPRegen 0.08/turn

%: no passive effects
@: no status effects
A: sickness immunity, AC +3, negative energy resistance 1, electricity
resistance, torment resistance 1, petrification resistance
a: no special abilities


You were on level 3 of the Dungeon.
You visited 1 branch of the dungeon, and saw 3 of its levels.

You collected 74 gold pieces.

Inventory:

Hand Weapons
 a - a +0 flail (weapon)
Armour
 c - a +0 buckler (worn)
 h - a +0 plate armour (worn)
Jewellery
 e - an amulet of magic regeneration
Wands
 i - a wand of mindburst (12)
Potions
 b - a potion of attraction {unknown}
 d - a potion of might
 g - 2 potions of curing {unknown}


   Skills:
 + Level 3.6 Fighting
 * Level 2.8 Maces & Flails
 + Level 3.6 Armour
 + Level 3.6 Shields


You had 2 spell levels left.
You didn't know any spells.
Your spell library contained the following spells:

 Spells                   Type           Power      Damage    Failure   Level
 Summon Small Mammal      Summ           0%         N/A       100%        1
 Ensorcelled Hibernation  Hex/Ice        0%         N/A       100%        2
 Jinxbite                 Hex            0%         N/A       100%        2
 Call Canine Familiar     Summ           0%         N/A       100%        3
 Summon Guardian Golem    Hex/Summ       0%         N/A       100%        3
 Anguish                  Hex/Necr       0%         N/A       100%        4


Dungeon Overview and Level Annotations

Branches:
Dungeon (3/15)

Altars:
Nemelex Xobeh

Shops:
D:1 [

Annotations:
D:3 1 transporter, Persephone's ghost, amateur OpSh


Innate Abilities, Weirdness & Mutations

You are immune to sickness and miasma.
Your stone body is resilient. (AC +3)
You are immune to poison.
You resist negative energy. (rN+)
You are resistant to electric shocks. (rElec)
You are resistant to unholy torment.
You are immune to petrification.


Message History

The hobgoblin hits you but does no damage.
Found 15 gold pieces.
The adder attacks as it pursues you! The adder bites you but does no damage.
An orc comes into view. It is wielding a +0 hand axe.
The hobgoblin attacks as it pursues you!
The hobgoblin hits you.
The orc shouts!
The adder bites you but does no damage. The orc completely misses you.
The adder attacks as it pursues you! The adder barely misses you.
The orc priest mumbles some strange prayers to Beogh against you.
Beogh smites you!
Ouch! That really hurt!
* * * LOW HITPOINT WARNING * * *
An orc comes into view. It is wielding a +0 whip.
You hear a shout!
A frilled lizard comes into view.
The frilled lizard hisses angrily.
The adder completely misses you. The adder attacks as it pursues you!
The adder bites you but does no damage.
An orc comes into view. It is wielding a +0 short sword.
Found a robe.
The orc shouts!
The adder attacks as it pursues you! The adder bites you but does no damage.
The orc hits you but does no damage.
The kobold throws a stone.
You block the stone. The adder attacks as it pursues you!
You block the adder's attack. The adder bites you but does no damage.
The orc priest looks braver for a moment.
The adder attacks as it pursues you! The adder bites you but does no damage.
The ball python attacks as it pursues you!
The ball python bites you but does no damage.
The ball python grabs you. The ball python constricts you.
You escape the ball python's grasp.
The frilled lizard barely misses you. The orc hits you but does no damage.
The frilled lizard attacks as it pursues you!
The frilled lizard bites you but does no damage.
An orc comes into view. It is wielding a +0 club.
The orc priest mumbles some strange prayers to Beogh against you.
Beogh smites you!
You die...

##########
#........######+# ##
#....@lS#.#.##.## #.#.
#.#....ooS#.##...##.#..
#.#.....o.g...........
##.#....K.............
##[#.o....o..........
##.#....g$..........
##.#o..#..#.#..#..
..#.######...### ##
##(#...#..#.#..#...


You could see an orc priest, an adder, 5 orcs, a hobgoblin, a goblin, a ball
python, a kobold and a frilled lizard.

Vanquished Creatures
  An adder (D:2)
  A worm (D:2)
  A dart slug (D:2)
  3 endoplasms
  2 giant cockroaches (D:1)
  A goblin (D:1)
  3 hobgoblins
  3 quokkas
  2 ball pythons (D:1)
  6 bats
  A frilled lizard (D:2)
  2 kobolds (D:2)
26 creatures vanquished.

Notes
Turn   | Place    | Note
-------+----------+-------------------------------------------
     0 | D:1      | FakeRyeBread the Gargoyle Fighter began the quest for the
                  | Orb.
     0 | D:1      | Reached XP level 1. HP: 14/14 MP: 1/1
   139 | D:1      | Reached XP level 2. HP: 16/19 MP: 2/2
   574 | D:1      | Found Wobitup's Armour Emporium.
  1135 | D:2      | Reached XP level 3. HP: 23/23 MP: 3/3
  1715 | D:2      | Found a sparkling altar of Nemelex Xobeh.
  1811 | D:3      | Found a transporter.
  1812 | D:3      | Noticed Persephone's ghost (amateur OpSh)
  1824 | D:3      | HP: 1/24 [orc priest/divine providence (12)]
  1834 | D:3      | Killed from afar by an orc priest

Illustrated notes

Levels and vault maps discovered:
D:1:      dpeg_arrival_arbitrary_c, layout_basic, serial_shops,
          nicolae_shop_behind_doors, nicolae_concentric_dashed_squares_wild
D:2:      layout_basic, basic_altar
D:3:      wad_pebble_path, layout_rooms, gammafunk_ghost_arena, st_stairs_6

Action                     || total
---------------------------++-------
  Melee: Flail             ||   126
    Use: Scroll            ||     1
 Armour: Scale mail        ||    57
         Plate armour      ||    87
  Dodge: Dodged            ||    57
  Block: Buckler           ||    47

Table legend: (Time is in decaauts)
 A = Elapsed time spent in this place.
 B = Non-inter-level travel time spent in this place.
 C = Inter-level travel time spent in this place.
 D = Time resting spent in this place.
 E = Time spent auto-exploring this place.
 F = Levels seen in this place.
 G = Mean time per level.
                   A        B        C        D        E       F      G
               +--------+--------+--------+--------+--------+-----+--------+
         Total |   1872 |   1826 |     46 |     59 |   1421 |   3 |  624.0 |
       Dungeon |   1872 |   1826 |     46 |     59 |   1421 |   3 |  624.0 |
               +--------+--------+--------+--------+--------+-----+--------+

Top non-repeatable levels by time:
     D:1: 978 daAuts
     D:2: 869 daAuts
     D:3: 23 daAuts
